 Dungeon Crawl Stone Soup version 0.30.1 (webtiles) character file.

Game seed: 9750128751570426530

91 monsoonserge the Firebug (level 5, -1/46 HPs)
             Began as a Meteoran Cinder Acolyte on July 9, 2023.
             Was a High Priest of Ignis.
             Succumbed to Terence's poison
             ... on level 3 of the Dungeon.
             The game lasted 00:07:10 (1004 turns).

monsoonserge the Firebug (Meteoran Cinder Acolyte)  Turns: 1004, Time: 00:07:11

Health: -1/46      AC:  7    Str: 18    XL:     5   Next: 12%
Magic:  0/9        EV: 10    Int: 15    God:    Ignis [*****.]
Gold:   53         SH:  0    Dex:  9    Spells: 6/8 levels left

rFire   + . .        a - -1 mace (flame)
rCold   . . .        (no shield)
rNeg    . . .        e - +0 ring mail
rPois   .            g - +2 hat
rElec   .            (no cloak)
rCorr   .            (no gloves)
SInv    .            (no boots)
Will    .....        (no amulet) Stlth
                     (no ring)
HPRegen 0.27/turn    (no ring)
MPRegen 0.11/turn

%: no passive effects
@: lethally poisoned (-1 -> -30), glowing
A: sense surroundings 1, otherworldly, glowing, explore regen
a: Renounce Religion, Fiery Armour, Foxfire Swarm, Rising Flame


You were on level 3 of the Dungeon.
You worshipped Ignis.
Ignis was extremely pleased with you.
You visited 1 branch of the dungeon, and saw 3 of its levels.

You collected 53 gold pieces.

Inventory:

Hand Weapons
 a - a -1 mace of flaming (weapon)
Armour
 b - a +0 robe
 d - a scarf of invisibility
 e - a +0 ring mail (worn)
 g - a +2 hat (worn)
Scrolls
 c - a scroll of amnesia {unknown}
 f - a scroll of enchant weapon {unknown}
 h - 2 scrolls of identify {unknown}
 k - a scroll of fear {unknown}
 l - a scroll of brand weapon {unknown}
Potions
 i - a potion of magic {unknown}
 j - a potion of brilliance {unknown}


   Skills:
 + Level 4.2 Fighting
 - Level 4.0 Maces & Flails
 * Level 1.6 Armour
 + Level 1.0 Dodging
 - Level 2.0 Spellcasting
 + Level 4.7 Fire Magic


You had 6 spell levels left.
You knew the following spells:

 Your Spells              Type           Power      Damage    Failure   Level
a - Scorch                Fire           30%        2d6       9%          2

Your spell library contained the following spells:

 Spells                   Type           Power      Damage    Failure   Level


Dungeon Overview and Level Annotations

Branches:
Dungeon (3/15) Zot: 783

Altars:
Qazlal

Shops:
D:1 (

Annotations:
D:3 Terence


Innate Abilities, Weirdness & Mutations

You passively map a small area around you.
You are easily found by Zot.
You glow in the dark.
You regain HP and MP as you explore.


Message History

Unknown command.
You hit Terence but do no damage.
Terence is heavily wounded.
You feel very sick. Terence barely misses you.
You hit Terence but do no damage.
Terence is heavily wounded.
You feel very sick. Terence closely misses you.
You hit Terence but do no damage.
Terence is heavily wounded.
You feel sick. Terence misses you.
You hit Terence. You burn Terence.
Terence is severely wounded.
You feel sick.
Terence is no longer more vulnerable to fire.
Terence hits you with a +3 falchion of venom.
You are more poisoned.
Your magical contamination has completely faded away.
Casting: Scorch (safe; 9% risk of failure)
Confirm with . or Enter, or press ? or * to list all spells.
Flames lash Terence but do no damage.
You feel very sick.
Terence hits you with a +3 falchion of venom.
Casting: Scorch (safe; 9% risk of failure)
Confirm with . or Enter, or press ? or * to list all spells.
Flames lash Terence but do no damage.
You feel sick.
Terence hits you with a +3 falchion of venom.
* * * LOW HITPOINT WARNING * * *
You are lethally poisoned!
Activating: Foxfire Swarm
Press: ? - help, Dir - look around, f - activate Flames leap up around you!
* * * LOW HITPOINT WARNING * * *
You feel very sick. Terence hits you but does no damage.
You are more poisoned.
You hit Terence. You burn Terence.
Terence is severely wounded.
You die...

###########
,.....vvvvv#
*** **#@@v#
.....vvvv##
,
.####vv###_
* , *..## ,,
, * * ### ,
, , * *_, ,
* , , , , ,
, , , , , ,,


You could see Terence (ally target).

Vanquished Creatures
  Jessica (D:2)
  2 adders (D:2)
  7 ball pythons
  8 endoplasms
  5 giant cockroaches
  A hobgoblin (D:1)
  3 jackals (D:1)
  4 quokkas
  6 bats
  2 frilled lizards (D:2)
  A goblin (D:1)
  3 kobolds
  2 rats (D:1)
45 creatures vanquished.

Notes
Turn   | Place    | Note
-------+----------+-------------------------------------------
     0 | D:1      | monsoonserge the Meteoran Cinder Acolyte began the quest
                  | for the Orb.
     0 | D:1      | Reached XP level 1. HP: 19/19 MP: 3/3
    79 | D:1      | Reached XP level 2. HP: 20/26 MP: 5/5
   190 | D:1      | Learned a level 2 spell: Scorch
   271 | D:1      | Reached XP level 3. HP: 33/33 MP: 6/6
   430 | D:1      | Found Vefyskomu's Antique Weapon Emporium.
   539 | D:2      | Reached XP level 4. HP: 32/40 MP: 4/7
   607 | D:2      | Reached skill level 1 in Armour
   891 | D:2      | Reached skill level 1 in Dodging
   920 | D:2      | Noticed Jessica
   933 | D:2      | Killed Jessica
   934 | D:2      | Reached XP level 5. HP: 13/46 MP: 2/9
   962 | D:2      | Found a stormy altar of Qazlal.
   993 | D:3      | Noticed Terence
  1004 | D:3      | Succumbed to Terence's poison

Illustrated notes

Levels and vault maps discovered:
D:1:      dpeg_arrival_signposts, layout_basic, serial_shops,
          nicolae_shop_tiny_glass
D:2:      layout_basic, basic_altar, fountainhead, kennysheep_jessica_study
D:3:      layout_loops_ring, nicolae_overflow_ecumenical_swirl,
          minmay_overflow_temple_hex, uniq_jessica, uniq_terence, uniq_ijyb

Skill      XL: |  1  2  3  4 |
---------------+-------------+-----
Fire Magic     | 4 |  4.7
Fighting       | 4 |  4.2
Armour         | 1 |  1.6
Dodging        | 1 |  1.0
Spellcasting   | 2 |  2.0
Maces & Flails | |  4.0

Action                     |  1- 3 |  4- 6 || total
---------------------------+-------+-------++-------
  Melee: Mace              |    42 |    25 ||    67
   Cast: Scorch            |    11 |    18 ||    29
 Invoke: Foxfire Swarm     |       |     1 ||     1
 Armour: Robe              |    10 |       ||    10
         Ring mail         |     4 |    25 ||    29
  Dodge: Dodged            |    26 |    25 ||    51
